 Dungeon Crawl Stone Soup version 0.26-a0-591-g04f19ec95a (webtiles) character file.

Game seed: 17398924704173415947

417 Descartes the Ducker (level 6, -1/31 HPs)
             Began as a Felid Transmuter on Aug 24, 2020.
             Slain by a sky beast (5 damage)
             ... on level 6 of the Dungeon.
             The game lasted 00:10:43 (7137 turns).

Descartes the Ducker (Felid Transmuter)             Turns: 7137, Time: 00:10:43

Health: -1/31      AC:  2    Str:  8    XL:     6   Next: 61%
Magic:  10/10      EV: 22    Int: 15    God:
Gold:   310        SH:  0    Dex: 16    Spells: 0/9 levels left
                                        Lives:  0   Deaths: 2

rFire    . . .     SeeInvis +     - Unarmed
rCold    . . .     Faith    .   (shield unavailable)
rNeg     . . .     Spirit   .   (armour unavailable)
rPois    +         Reflect  .   (helmet unavailable)
rElec    .         Harm     .   (cloak unavailable)
rCorr    .                      (gloves unavailable)
MR       .....                  (boots unavailable)
Stlth    ++++......             (no amulet)
HPRegen  0.10/turn              r - ring of flight
MPRegen  0.12/turn              (no ring)

@: quick
A: very small, no armour, no weapons or thrown items, stealth, claws 1, fangs 3,
horns 1, see invisible, speed 1, poison resistance, robust 1, shaggy fur 2,
sharp paws
a: Evoke Flight


You were on level 6 of the Dungeon.
You visited 1 branch of the dungeon, and saw 6 of its levels.

You collected 310 gold pieces.

Inventory:

Missiles
 h - 143 stones
 i - 23 arrows
Jewellery
 r - a ring of flight (left paw)
Wands
 n - a wand of iceblast (5)
Scrolls
 a - 6 scrolls of remove curse
 b - a scroll of fog
 c - a scroll of magic mapping
 d - a scroll of amnesia {unknown}
 f - a scroll of random uselessness {unknown}
 j - 3 scrolls of fear {unknown}
 k - a scroll of immolation {unknown}
 l - 2 scrolls of teleportation {unknown}
 q - 2 scrolls of noise {unknown}
Potions
 e - a potion of cancellation {unknown}
 g - a potion of flight
 m - a potion of resistance
 o - a potion of curing
 p - 2 potions of lignification {unknown}
 s - 2 potions of brilliance {unknown}


   Skills:
 + Level 4.4 Fighting
 + Level 6.4 Dodging
 + Level 6.3 Stealth
 + Level 5.4 Unarmed Combat
 - Level 2.0 Spellcasting
 - Level 2.1 Transmutations


You couldn't memorise any spells.
You knew the following spells:

 Your Spells              Type           Power        Failure   Level
a - Wereblood             Tmut           #.......     14%         2
b - Beastly Appendage     Tmut           #.....       9%          1
c - Blade Hands           Tmut           #.........   94%         5
d - Magic Dart            Conj           #...         22%         1

Your spell library contained the following spells:

 Spells                   Type           Power        Failure   Level
 Searing Ray              Conj           #.....       32%         2
 Spider Form              Tmut/Pois      #.........   38%         3
 Dazzling Flash           Conj/Hex       #.....       54%         3
 Ice Form                 Ice/Tmut       #.......     80%         4
 Fulminant Prism          Conj/Hex       #.........   91%         4
 Iskenderun's Mystic Bla  Conj/Tloc      #.......     91%         4


Dungeon Overview and Level Annotations

Branches:
Dungeon (6/15)
 Temple: D:4-7

Altars:
Elyvilon
Fedhas
Kikubaaqudgha
Qazlal
Vehumet
Xom
Zin

Shops:
D:6 ?}


Innate Abilities, Weirdness & Mutations

You cannot wear armour.
You are incapable of wielding weapons or throwing items.
Your paws allow you to move quietly. (Stealth)
You have sharp claws.
You have razor-sharp teeth.
You have supernaturally acute eyesight. (SInv)
You cover ground quickly.
You are covered in thick fur. (AC +2)
Your sharp claws are effective at attacking unaware monsters.
You have a pair of small horns on your head.
Your system is resistant to poisons. (rPois)
You are robust. (+10% HP)


Message History

You scratch the adder.
The adder is lightly wounded.
The adder misses you.
You miss the adder.
The adder is lightly wounded.
The adder bites you.
* * * LOW HITPOINT WARNING * * *
You miss the adder.
You headbutt the adder, but do no damage.
Your bite misses the adder.
The adder is lightly wounded.
The adder bites you but does no damage. The sky beast hits you.
* * * LOW HITPOINT WARNING * * *
The sky beast shocks you.
* * * LOW HITPOINT WARNING * * *
The white imp summons a swarm of flies.
You feel better. The adder barely misses you. The sky beast hits you.
* * * LOW HITPOINT WARNING * * *
The sky beast shocks you.
You die...

.......#########
#......".......#
+....../.......#
#..............#
#..............#
#..............#
#........∩.....#
##..............########
#......@######.........#
#.....YS# #.........#
#....†Z5# #.........#
#.......# #.........#
#........# #.........#
.......⌠.⌠.. ###########
..).....∩....
.......⌠.⌠....#
..............#


You could see a sky beast (invisible), an adder, a white imp and a quokka
zombie.

Vanquished Creatures
  2 bullfrogs
  A scorpion (D:4)
  2 vampire bats (D:5)
  A jelly (D:5)
  2 hounds (D:5)
  2 orc priests
  4 orc wizards (D:4)
  A centaur skeleton (D:4)
  2 iguanas
  4 worker ants
  A hound skeleton (D:4)
  A worker ant zombie (D:5)
  3 gnolls (D:2)
  7 adders
  2 oozes
  2 worms (D:5)
  2 dart slugs
  5 leopard geckos (D:4)
  11 orcs
  3 bat skeletons (D:5)
  3 bat zombies (D:5)
  7 giant cockroaches
  10 goblins
  7 hobgoblins
  15 jackals
  3 quokkas
  A ball python (D:2)
  9 bats
  6 frilled lizards
  4 kobolds
  3 rats
126 creatures vanquished.

Notes
Turn   | Place    | Note
-------+----------+-------------------------------------------
     0 | D:1      | Descartes the Felid Transmuter began the quest for the Orb.
     0 | D:1      | Reached XP level 1. HP: 9/9 MP: 4/4
   321 | D:1      | Reached skill level 1 in Stealth
   321 | D:1      | Reached XP level 2. HP: 9/12 MP: 4/6
  1199 | D:2      | Reached XP level 3. HP: 16/16 MP: 5/7
  1388 | D:2      | Found a blossoming altar of Fedhas.
  2221 | D:2      | Reached XP level 4. HP: 2/19 MP: 6/8
  3412 | D:3      | Reached XP level 5. HP: 23/23 MP: 7/9
  3438 | D:3      | Found a radiant altar of Vehumet.
  3514 | D:3      | Gained mutation: You have a pair of large horns on your
                  | head. [potion of mutation]
  3514 | D:3      | Gained mutation: You are robust. (+10% HP) [potion of
                  | mutation]
  3514 | D:3      | Gained mutation: Your system is resistant to poisons.
                  | (rPois) [potion of mutation]
  3841 | D:3      | Learned a level 2 spell: Wereblood
  4014 | D:4      | Slain by an orc wizard
  4015 | D:4      | Reached XP level 4. HP: -3/23 MP: 8/8
  4047 | D:4      | Reached XP level 5. HP: 26/26 MP: 6/9
  4512 | D:4      | Reached skill level 5 in Dodging
  4767 | D:4      | Gained mutation: You are covered in thick fur. (AC +2)
                  | [Felid growth]
  4767 | D:4      | Reached XP level 6. HP: 23/30 MP: 7/10
  4907 | D:4      | Reached skill level 5 in Stealth
  5277 | D:4      | Found a stormy altar of Qazlal.
  5529 | D:4      | Found a glowing silver altar of Zin.
  5561 | D:4      | Found a white marble altar of Elyvilon.
  5561 | D:4      | Found a shimmering altar of Xom.
  5628 | D:5      | Entered Level 5 of the Dungeon
  5653 | D:5      | Found an ancient bone altar of Kikubaaqudgha.
  5665 | D:5      | Reached XP level 7. HP: 34/34 MP: 11/11
  5825 | D:5      | Reached skill level 5 in Unarmed Combat
  6658 | D:5      | Learned a level 5 spell: Blade Hands
  6660 | D:5      | Learned a level 1 spell: Magic Dart
  7105 | D:6      | Hit by a boomerang thrown by an orc warrior
  7106 | D:6      | Reached XP level 6. HP: -7/31 MP: 10/10
  7107 | D:6      | Found Kunumoer's Gadget Shop.
  7123 | D:6      | Found Amipsep's Magic Scroll Shoppe.
  7123 | D:6      | Noticed a sky beast
  7136 | D:6      | HP: 1/31 [sky beast (5)]
  7137 | D:6      | Slain by a sky beast

Illustrated notes

Levels and vault maps discovered:
D:1:      minmay_arrival_stone_box, layout_loops_corners
D:2:      layout_basic, fedhas_ov_isle_minmay
D:3:      layout_basic, nicolae_overflow_crystal_walls
D:4:      layout_basic, kennysheep_mini_moat, marbit_many_paths,
          gammafunk_temple_overflow_wave, minmay_misc_feat_cross
D:5:      layout_basic, kennysheep_vampire_church
D:6:      layout_gridville, overflow_temple_1_default,
          yredelemnul_altar_generic, minmay_temple_entry_water_ring,
          serial_shops, shop, shop, shop_fountains, grunt_ministairs_15,
          uniq_menkaure

Skill      XL: |  1  2  3  4  5  6  7 |
---------------+----------------------+-----
Dodging        | 3 4 5 6 |  6.4
Stealth        | 1 2 3 4 5 6 |  6.3
Fighting       | 2 3 4 |  4.4
Unarmed Combat | 4 5 |  5.4
Spellcasting   | |  2.0
Transmutations | |  2.1

Action                   |  1- 3 |  4- 6 |  7- 9 || total
-------------------------+-------+-------+-------++-------
Melee: Unarmed           |   125 |   224 |    81 ||   430
       Headbutt          |    17 |    22 |    21 ||    60
       Bite              |     8 |    19 |     7 ||    34
       Punch             |     1 |     2 |     4 ||     7
 Cast: Beastly Appendage |    31 |    16 |       ||    47
       Wereblood         |       |     9 |       ||     9
  Use: Potion            |       |     3 |       ||     3
       Scroll            |       |     5 |     1 ||     6
 Stab: Sleeping          |     5 |    13 |     4 ||    22
Armor: Skin              |     6 |    15 |     2 ||    23
Dodge: Dodged            |    91 |   239 |    70 ||   400

Table legend: (Time is in decaauts)
 A = Elapsed time spent in this place.
 B = Non-inter-level travel time spent in this place.
 C = Inter-level travel time spent in this place.
 D = Time resting spent in this place.
 E = Time spent auto-exploring this place.
 F = Levels seen in this place.
 G = Mean time per level.
                   A        B        C        D        E       F      G
               +--------+--------+--------+--------+--------+-----+--------+
         Total |   6433 |   6324 |    109 |    194 |   5153 |   6 | 1072.2 |
       Dungeon |   6433 |   6324 |    109 |    194 |   5153 |   6 | 1072.2 |
               +--------+--------+--------+--------+--------+-----+--------+

Top non-repeatable levels by time:
     D:2: 1955 daAuts
     D:5: 1332 daAuts
     D:1: 1105 daAuts
     D:4: 1088 daAuts
     D:3: 882 daAuts
     D:6: 68 daAuts
